[Event "LAT-chT Higher League 2019"]
[Site "Riga"]
[Date "2019.10.13"]
[Round "9.15"]
[White "Gorozhankina, Julia"]
[Black "Berzina, Ilze"]
[Result "1/2-1/2"]
[ECO "B13"]
[WhiteElo "2068"]
[BlackElo "2216"]
[Annotator "NA"]
[PlyCount "126"]
[EventDate "2019.02.15"]
[EventType "team-tourn"]
[EventCountry "LAT"]
[SourceTitle "playchess.com"]
[Source "ChessBase"]
[SourceQuality "1"]
[TimeControl "40/5400+30:1800+30"]

1. e4 c6 2. d4 d5 3. exd5 cxd5 4. c4 Nf6 5. Nc3 Nc6 6. Nf3 Be6 7. Bg5 g6 8. cxd5 Nxd5 9. Bb5 Bg7 10. Bxc6+ bxc6 11. Qd2 h6 12. Bh4 O-O 13. O-O Nb6 14. h3 Nc4 15. Qc2 Rb8 16. Na4 Bd5 17. Bg3 Rb4 18. b3 Nd6 19. Ne5 Nf5 20. Qc5 Rxd4 21. Rae1 Nxg3 22. fxg3 Rd2 23. Rf2 Rxf2 24. Qxf2 Qd6 25. Nf3 e5 26. Qc5 Qxc5+ 27. Nxc5 Re8 28. Kh2 e4 29. Nd2 f5 30. Nf1 Bd4 31. Nd3 Kf7 32. Nf4 e3 33. Ne2 c5 34. g4 fxg4 35. hxg4 Be6 36. g5 hxg5 37. Kg1 Bf5 38. Nh2 g4 39. Nf1 Kg7 40. Nfg3 Bc8 41. Rf1 Bb7 42. Rf4 Rf8 43. Nxd4 cxd4 44. Rxd4 Rf7 45. Rd1 Kh6 46. Re1 Rf2 47. Re2 Rxe2 48. Nxe2 Ba6 49. Kf1 Kg5 50. Ke1 Kf5 51. Nc3 Ke5 52. g3 Kd4 53. Ne2+ Ke4 54. Nf4 Kf3 55. Nxg6 Kxg3 56. b4 Kf3 57. a4 Bd3 58. Ne5+ Ke4 59. Nxg4 Kd4 60. b5 Kc5 61. Nxe3 Kb4 62. Nd5+ Kxa4 63. b6 axb6 1/2-1/2